 Dungeon Crawl Stone Soup version 0.30-a0-632-g346586fe48 (webtiles) character file.

Game seed: 10480679397850229764

739 Mitcholas the Skirmisher (level 7, -3/41 HPs)
             Began as a Deep Elf Hunter on Jan 13, 2023.
             Slain by a black bear (4 damage)
             ... on level 5 of the Dungeon.
             The game lasted 00:07:29 (3257 turns).

Mitcholas the Skirmisher (Deep Elf Hunter)          Turns: 3257, Time: 00:07:29

Health: -3/41      AC:  3    Str:  8    XL:     7   Next: 46%
Magic:  9/9        EV: 14    Int: 14    God:
Gold:   190        SH:  0    Dex: 20    Spells: 6/6 levels left

rFire   . . .      SeeInvis .    a - +0 shortbow
rCold   . . .      Faith    .    (shield currently unavailable)
rNeg    + . .      Spirit   .    c - +0 leather armour
rPois   .          Reflect  .    (no helmet)
rElec   .          Harm     .    (no cloak)
rCorr   .          Rampage  .    (no gloves)
Will    .....                    (no boots)
Stlth   +++                      s - amulet of the acrobat
HPRegen 0.26/turn                n - ring of positive energy
MPRegen 0.11/turn                (no ring)

@: no status effects
A: no striking features
a: no special abilities


You were on level 5 of the Dungeon.
You visited 1 branch of the dungeon, and saw 5 of its levels.

You collected 190 gold pieces.

Inventory:

Hand Weapons
 a - a +0 shortbow (weapon)
Missiles
 w - 2 throwing nets
Armour
 c - a +0 leather armour (worn)
Jewellery
 j - a ring of ice
 n - a ring of positive energy (left hand)
 s - an amulet of the acrobat (around neck)
 t - an amulet of faith
Wands
 u - a wand of roots (1)
 x - a wand of quicksilver (4)
Scrolls
 b - a scroll of immolation
 d - 5 scrolls of teleportation {unknown}
 e - a scroll of vulnerability {unknown}
 g - 2 scrolls of amnesia {unknown}
 i - 2 scrolls of magic mapping {unknown}
 k - a scroll of identify {unknown}
 l - 4 scrolls of fog {unknown}
 o - a scroll of enchant armour {unknown}
 r - a scroll of acquirement {unknown}
 y - a scroll of enchant weapon {unknown}
Potions
 f - 2 potions of heal wounds {unknown}
 h - a potion of degeneration {unknown}
 m - 2 potions of magic {unknown}
 p - 2 potions of berserk rage {unknown}
 q - 2 potions of mutation {unknown}
 v - a potion of cancellation {unknown}
 z - a potion of ambrosia {unknown}


   Skills:
 + Level 3.4 Fighting
 * Level 9.0 Ranged Weapons
 + Level 5.1 Dodging
 - Level 4.0 Stealth


You had 6 spell levels left.
You didn't know any spells.
Your spell library contained the following spells:

 Spells                   Type           Power      Damage    Failure   Level
 Confusing Touch          Hex            0%         N/A       77%         3
 Gell's Gravitas          Tloc           0%         N/A       77%         3
 Inner Flame              Hex/Fire       0%         N/A       77%         3
 Teleport Other           Tloc           0%         N/A       77%         3
 Anguish                  Hex/Necr       0%         N/A       99%         4
 Dispersal                Tloc           0%         N/A       100%        6


Dungeon Overview and Level Annotations

Branches:
Dungeon (5/15)
 Temple: D:4-7

Altars:
The Shining One

Shops:
D:2 !

Annotations:
D:5 exclusion: hornet, Ijyb


Message History

Fire: a) +0 shortbow
Press: ? - help, Q - select action, (/) - cycle Shift-Dir - straight line, f/p - Ijyb
Aim: Ijyb, wielding a +0 club, wearing a +2 ring mail of willpower and carrying a wand of roots (9) (almost dead, 64% to hit)
You shoot an arrow. The arrow closely misses Ijyb.
The black bear closely misses you. The black bear claws you.
The black bear closely misses you. Ijyb closely misses you.
Fire: a) +0 shortbow
Press: ? - help, Q - select action, (/) - cycle Shift-Dir - straight line, f/p - Ijyb
Aim: Ijyb, wielding a +0 club, wearing a +2 ring mail of willpower and carrying a wand of roots (9) (almost dead, 64% to hit)
You shoot an arrow. The arrow barely misses Ijyb.
The black bear bites you!
* * * LOW HITPOINT WARNING * * *
The black bear claws you but does no damage. x2
Ijyb closely misses you.
Fire: a) +0 shortbow
Press: ? - help, Q - select action, (/) - cycle Shift-Dir - straight line, f/p - Ijyb
Aim: Ijyb, wielding a +0 club, wearing a +2 ring mail of willpower and carrying a wand of roots (9) (almost dead, 64% to hit)
You shoot an arrow. The arrow hits Ijyb.
Ijyb is almost dead.
The black bear barely misses you. The black bear completely misses you.
The black bear claws you.
* * * LOW HITPOINT WARNING * * *
Ijyb hits you with a +0 club.
* * * LOW HITPOINT WARNING * * *
Fire: a) +0 shortbow
Press: ? - help, Q - select action, (/) - cycle Shift-Dir - straight line, f/p - Ijyb
Aim: Ijyb, wielding a +0 club, wearing a +2 ring mail of willpower and carrying a wand of roots (9) (almost dead, 64% to hit)
You shoot an arrow. The arrow hits Ijyb but does no damage.
Ijyb is almost dead.
The black bear bites you but does no damage.
The black bear claws you but does no damage. x2
Ijyb barely misses you.
Fire: a) +0 shortbow
Press: ? - help, Q - select action, (/) - cycle Shift-Dir - straight line, f/p - Ijyb
Aim: Ijyb, wielding a +0 club, wearing a +2 ring mail of willpower and carrying a wand of roots (9) (almost dead, 64% to hit)
You shoot an arrow. The arrow barely misses Ijyb.
The black bear barely misses you. The black bear claws you.
* * * LOW HITPOINT WARNING * * *
The black bear claws you.
You die...

#######.###.#
.h.g........#
#.# #.#
#.###.#
#.....#
####..# #..#
#gh####
#@.†..#
#..##.#
#.##..##.#
#...<.##.#
###...##.#
#...##.#
#...##.#
....##.#
........#


You could see a black bear and Ijyb.

Vanquished Creatures
  A black bear (D:4)
  An ogre (D:4)
  A centaur (D:4)
  A bullfrog (D:4)
  A scorpion (D:4)
  A howler monkey (D:4)
  An orc priest (D:4)
  2 hounds (D:4)
  An iguana (D:5)
  An orc wizard (D:3)
  3 gnolls (D:3)
  8 adders
  3 dart slugs
  12 orcs
  2 bats (D:1)
  5 endoplasms
  2 giant cockroaches
  4 goblins
  6 hobgoblins
  2 jackals (D:1)
  3 quokkas
  6 ball pythons
  A frilled lizard (D:2)
  4 kobolds
  8 rats
80 creatures vanquished.

Notes
Turn   | Place    | Note
-------+----------+-------------------------------------------
     0 | D:1      | Mitcholas the Deep Elf Hunter began the quest for the Orb.
     0 | D:1      | Reached XP level 1. HP: 12/12 MP: 3/3
   184 | D:1      | Reached XP level 2. HP: 17/17 MP: 4/4
   596 | D:2      | Reached XP level 3. HP: 21/21 MP: 5/5
   722 | D:2      | Reached skill level 6 in Ranged Weapons
   858 | D:2      | Found Foaru's Distillery.
   904 | D:2      | Reached XP level 4. HP: 26/26 MP: 6/6
  1493 | D:3      | Identified the +8 quarterstaff "Killer Bee's Bane" {heavy,
                  | rN+}
  1786 | D:3      | Reached XP level 5. HP: 20/31 MP: 7/7
  2042 | D:3      | Found a glowing golden altar of the Shining One.
  2203 | D:4      | Reached skill level 7 in Ranged Weapons
  2204 | D:4      | Noticed an ogre
  2317 | D:4      | Reached XP level 6. HP: 35/36 MP: 8/8
  2472 | D:4      | Reached skill level 8 in Ranged Weapons
  2772 | D:4      | Got the Octavo of Ensorcelling
  2866 | D:4      | Reached XP level 7. HP: 41/41 MP: 9/9
  3059 | D:4      | Reached skill level 5 in Dodging
  3174 | D:5      | Entered Level 5 of the Dungeon
  3174 | D:5      | Noticed a hornet
  3218 | D:5      | Reached skill level 9 in Ranged Weapons
  3234 | D:5      | Noticed Ijyb
  3255 | D:5      | HP: 2/41 [Ijyb/+0 club (2)]
  3257 | D:5      | Slain by a black bear

Illustrated notes

Levels and vault maps discovered:
D:1:      tarquinn_simple_flora_water_b, layout_basic
D:2:      layout_basic, serial_shops, shop
D:3:      layout_basic, mainiacjoe_overflow_alcove_1
D:4:      layout_basic, kennysheep_cross_room
D:5:      black_bear_nest_1, layout_loops_ring, uniq_ijyb, uniq_duvessa

Skill      XL: |  1  2  3  4  5  6  7 |
---------------+----------------------+-----
Stealth        | 2 3 4 |  4.0
Fighting       | 2 3 |  3.4
Dodging        | 3 4 5 |  5.1
Ranged Weapons | 6 7 8 9 |  9.0

Action                   |  1- 3 |  4- 6 |  7- 9 || total
-------------------------+-------+-------+-------++-------
 Fire: Shortbow          |    64 |   133 |    53 ||   250
Evoke: Wand              |       |     1 |       ||     1
Armor: Leather armour    |     2 |     3 |     7 ||    12
Dodge: Dodged            |     3 |    43 |    47 ||    93

Table legend: (Time is in decaauts)
 A = Elapsed time spent in this place.
 B = Non-inter-level travel time spent in this place.
 C = Inter-level travel time spent in this place.
 D = Time resting spent in this place.
 E = Time spent auto-exploring this place.
 F = Levels seen in this place.
 G = Mean time per level.
                   A        B        C        D        E       F      G
               +--------+--------+--------+--------+--------+-----+--------+
         Total |   3306 |   3106 |    200 |    227 |   2338 |   5 |  661.2 |
       Dungeon |   3306 |   3106 |    200 |    227 |   2338 |   5 |  661.2 |
               +--------+--------+--------+--------+--------+-----+--------+

Top non-repeatable levels by time:
     D:4: 982 daAuts
     D:3: 844 daAuts
     D:2: 840 daAuts
     D:1: 589 daAuts
     D:5: 48 daAuts
